 Dungeon Crawl Stone Soup version 0.27-a0-686-gaed091b46b (webtiles) character file.

Game seed: 12094363602622657826

123 pokeman the Magician (level 4, -1/25 HPs)
             Began as a Deep Elf Hedge Wizard on Mar 20, 2021.
             Killed from afar by Natasha (8 damage)
             ... with a magic dart
             ... on level 3 of the Dungeon.
             The game lasted 00:08:39 (3229 turns).

pokeman the Magician (Deep Elf Hedge Wizard)        Turns: 3229, Time: 00:08:40

Health: -1/25      AC:  3    Str:  7    XL:     4   Next: 80%
Magic:  1/13       EV: 11    Int: 20    God:
Gold:   84         SH:  0    Dex: 14    Spells: 0/14 levels left

rFire    + . .     SeeInvis .   d - +2 dagger (speed)
rCold    + . .     Faith    .   (no shield)
rNeg     . . .     Spirit   .   o - +0 leather armour
rPois    .         Reflect  .   c - +0 hat
rElec    .         Harm     .   j - scarf {rC+ rF+}
rCorr    .         Rampage  .   (no gloves)
Will     .....                  (no boots)
Stlth    ++........             (no amulet)
HPRegen  0.08/turn              (no ring)
MPRegen  0.13/turn              (no ring)

@: slowed, very slow
A: no striking features
a: no special abilities


You were on level 3 of the Dungeon.
You visited 1 branch of the dungeon, and saw 3 of its levels.

You collected 84 gold pieces.

Inventory:

Hand Weapons
 d - a +2 dagger of speed (weapon)
Missiles
 q - 18 bolts
 r - 13 arrows
Armour
 b - a +0 robe
 c - a +0 hat (worn)
 j - a scarf of resistance (worn)
 o - a +0 leather armour (worn)
Scrolls
 f - 3 scrolls of identify {unknown}
 k - a scroll of blinking {unknown}
 m - a scroll of teleportation {unknown}
 n - a scroll of acquirement {unknown}
 p - a scroll of random uselessness {unknown}
Potions
 a - 2 potions of ambrosia {unknown}
 e - a potion of flight {unknown}
 g - a potion of heal wounds {unknown}
 h - a potion of mutation {unknown}
 i - a potion of cancellation {unknown}
 l - a potion of might {unknown}


   Skills:
 - Level 1.1 Fighting
 - Level 1.0 Armour
 + Level 2.4 Dodging
 - Level 3.0 Stealth
 * Level 5.8 Spellcasting
 + Level 2.3 Conjurations
 - Level 1.1 Summonings
 - Level 1.0 Necromancy
 - Level 1.1 Translocations
 + Level 0.1 Fire Magic


You couldn't memorise any spells.
You knew the following spells:

 Your Spells              Type           Power      Damage    Failure   Level
a - Magic Dart            Conj           60%        1d6       6%          1
b - Mephitic Cloud        Conj/Pois/Air  9%         N/A       32%         3
c - Call Imp              Summ           10%        N/A       16%         2
d - Blink                 Tloc           N/A        N/A       16%         2
e - Conjure Flame         Conj/Fire      10%        6-21      28%         3
f - Animate Skeleton      Necr           20%        N/A       10%         1
g - Apportation           Tloc           20%        N/A       10%         1
h - Summon Small Mammal   Summ           40%        N/A       10%         1

Your spell library contained the following spells:

 Spells                   Type           Power      Damage    Failure   Level
 Corona                   Hex            5%         N/A       16%         1
 Slow                     Hex            5%         N/A       24%         2


Dungeon Overview and Level Annotations

Branches:
Dungeon (3/15)

Altars:

Annotations:
D:3 Natasha


Message History

You feel as though you will be slow longer.
Your crimson imp barely misses the bullfrog skeleton.
Natasha casts a spell at you. You resist with some effort.
Natasha casts a spell at you. The magic dart hits you.
Natasha closely misses you.
The bullfrog skeleton barely misses your crimson imp.
The bullfrog skeleton hits your crimson imp.
Your crimson imp barely misses Natasha.
Natasha casts a spell at you. The magic dart hits you.
* * * LOW HITPOINT WARNING * * *
Casting: Call Imp (safe; 16% risk of failure)
Confirm with . or Enter, or press ? or * to list all spells.
A beastly little devil appears in a puff of frigid air.
The bullfrog skeleton hits your crimson imp.
Your crimson imp blinks! x2
Natasha casts a spell at you.
You feel as though you will be slow longer.
You swap places.
Natasha claws your white imp.
Your white imp closely misses Natasha.
Your crimson imp blinks!
Natasha stares at you and mumbles some strange words.
Your white imp seems to slow down.
Your white imp hits Natasha but does no damage.
Unknown command.
Natasha casts a spell at you. The magic dart hits your white imp.
Natasha claws your white imp.
Your white imp closely misses Natasha.
Natasha closely misses your white imp.
Natasha stares at you and mumbles some strange words.
The magic dart hits your white imp!
Your white imp dies!
Your crimson imp blinks!
Natasha mumbles some strange words.
You feel disoriented.
Natasha stares at you and mumbles some strange words.
The magic dart hits you!
You die...

##### ##...## ########.....##
#..........<..##
#.####.......@.###### #.#
#....[.......h.# #.#
#.........####.# #.#
##...)...#####.### #.#
##..5..####...Z.########
#.#######.........###.##..5...
#.##.......######.# #....#####
#.##.#####.# #.###.#### #
#.##.# #.# #.....# #


You could see Natasha (ally target) and a friendly crimson imp (summoned).

Vanquished Creatures
  Natasha (twice) (D:3)
  An adder (D:2)
  An ooze (D:3)
  A worm (D:3)
  3 dart slugs
  A leopard gecko (D:3)
  An orc (D:3)
  5 giant cockroaches (D:1)
  8 goblins
  4 hobgoblins
  2 jackals (D:1)
  4 kobolds
  A quokka (D:3)
  2 ball pythons (D:3)
  8 bats
  2 frilled lizards
  7 rats
53 creatures vanquished.

Notes
Turn   | Place    | Note
-------+----------+-------------------------------------------
     0 | D:1      | pokeman the Deep Elf Hedge Wizard began the quest for the
                  | Orb.
     0 | D:1      | Reached XP level 1. HP: 10/10 MP: 7/7
   237 | D:1      | Reached XP level 2. HP: 7/15 MP: 1/9
   551 | D:1      | Learned a level 1 spell: Apportation
   813 | D:1      | Reached skill level 5 in Spellcasting
  1051 | D:1      | Reached XP level 3. HP: 20/20 MP: 7/11
  1057 | D:1      | Learned a level 2 spell: Call Imp
  1059 | D:1      | Learned a level 1 spell: Animate Skeleton
  1061 | D:1      | Learned a level 1 spell: Summon Small Mammal
  1064 | D:1      | Learned a level 2 spell: Blink
  1464 | D:2      | Reached skill level 1 in Armour
  1630 | D:2      | Reached skill level 1 in Fighting
  1634 | D:2      | Learned a level 3 spell: Mephitic Cloud
  2692 | D:3      | Noticed Natasha
  2708 | D:3      | Killed Natasha
  2709 | D:3      | Reached XP level 4. HP: 25/25 MP: 3/13
  2713 | D:3      | Learned a level 3 spell: Conjure Flame
  2837 | D:3      | Noticed Natasha
  2846 | D:3      | Killed Natasha
  2847 | D:3      | Reached skill level 1 in Necromancy
  3204 | D:3      | Noticed Natasha
  3229 | D:3      | Killed from afar by Natasha

Illustrated notes

Levels and vault maps discovered:
D:1:      dpeg_arrival_rhombi, layout_basic
D:2:      layout_basic
D:3:      layout_loops_ring, fedhas_altar_4,
          chequers_ecumenical_altar_simple_redux, uniq_natasha

Skill      XL: |  1  2  3  4 |
---------------+-------------+-----
Spellcasting   | 5 |  5.8
Armour         | 1 |  1.0
Fighting       | 1 |  1.1
Conjurations   | 2 |  2.3
Necromancy     | 1 |  1.0
Stealth        | 3 |  3.0
Dodging        | |  2.4
Summonings     | |  1.1
Translocations | |  1.1
Fire Magic     | |  0.1

Action                   |  1- 3 |  4- 6 || total
-------------------------+-------+-------++-------
Melee: Dagger            |    16 |     3 ||    19
 Cast: Magic Dart        |   124 |    26 ||   150
       Mephitic Cloud    |     2 |     1 ||     3
       Summon Small Mamm |     1 |       ||     1
       Blink             |     1 |       ||     1
       Call Imp          |       |     2 ||     2
 Stab: Confused          |     1 |     1 ||     2
       Sleeping          |     1 |       ||     1
Armor: Robe              |     3 |       ||     3
       Leather armour    |     1 |     1 ||     2
Dodge: Dodged            |    12 |     4 ||    16

Table legend: (Time is in decaauts)
 A = Elapsed time spent in this place.
 B = Non-inter-level travel time spent in this place.
 C = Inter-level travel time spent in this place.
 D = Time resting spent in this place.
 E = Time spent auto-exploring this place.
 F = Levels seen in this place.
 G = Mean time per level.
                   A        B        C        D        E       F      G
               +--------+--------+--------+--------+--------+-----+--------+
         Total |   3235 |   3121 |    114 |    144 |   2587 |   3 | 1078.3 |
       Dungeon |   3235 |   3121 |    114 |    144 |   2587 |   3 | 1078.3 |
               +--------+--------+--------+--------+--------+-----+--------+

Top non-repeatable levels by time:
     D:1: 1315 daAuts
     D:2: 1067 daAuts
     D:3: 852 daAuts
